 Seeded DCSS version 0.28-a0-1506-g3893175d92 (webtiles) character file.

Game seed: 2800614563183937525 (custom seed)

2755 flotson the Skirmisher (level 9, -9/68 HPs)
             Began as a Demonspawn Gladiator on Jan 13, 2022.
             Mangled by a shadow (31 damage)
             ... on level 7 of the Dungeon.
             The game lasted 00:10:25 (10689 turns).

flotson the Skirmisher (Demonspawn Gladiator)      Turns: 10689, Time: 00:10:25

Health: -9/68      AC: 12    Str: 22    XL:     9   Next: 41%
Magic:  9/9        EV: 12    Int:  9    God:
Gold:   257        SH: 15    Dex: 21    Spells: 8/8 levels left

rFire   . . .      SeeInvis .   a - +1 dagger (venom)
rCold   . . .      Faith    .   n - +0 tower shield
rNeg    + + .      Spirit   .   H - +0 steam dragon scales
rPois   .          Reflect  .   c - +0 helmet
rElec   .          Harm     .   q - +0 cloak
rCorr   .          Rampage  .   m - +1 pair of gloves
Will    .....                   (no boots)
Stlth   ++........              l - amulet of Rivion Dieps {RegenMP rN++ Str+4 Dex+5}
HPRegen 0.21/turn               (no ring)
MPRegen 0.62/turn               (no ring)

@: no status effects
A: icy blue scales 1, demonic guardian 3, magic regeneration, weakness stinger 1
a: no special abilities


You were on level 7 of the Dungeon.
You visited 1 branch of the dungeon, and saw 7 of its levels.

You collected 257 gold pieces.

Inventory:

Hand Weapons
 a - a +1 dagger of venom (weapon)
 b - a +0 hunting sling
 r - a +0 war axe
Missiles
 d - 2 throwing nets (quivered)
 j - 51 sling bullets
 t - 4 poisoned darts
 w - 2 javelins
 D - 8 boomerangs
Armour
 c - a +0 helmet (worn)
 m - a +1 pair of gloves (worn)
 n - a +0 tower shield (worn)
 q - a +0 cloak (worn)
 H - +0 steam dragon scales (worn)
Jewellery
 l - the amulet of Rivion Dieps (around neck) {RegenMP rN++ Str+4 Dex+5}
   (You found it on level 2 of the Dungeon)

   [amulet of magic regeneration]

   It increases your rate of magic regeneration.
   Str:       It affects your strength (+4).
   Dex:       It affects your dexterity (+5).
   rN:        It greatly protects you from negative energy.
Scrolls
 e - 2 scrolls of amnesia {unknown}
 f - a scroll of brand weapon {unknown}
 g - a scroll of blinking {unknown}
 i - 2 scrolls of immolation {unknown}
 k - a scroll of vulnerability {unknown}
 s - 2 scrolls of teleportation {unknown}
 u - 3 scrolls of fear {unknown}
 x - 2 scrolls of magic mapping {unknown}
 y - 3 scrolls of identify {unknown}
 A - a scroll of summoning {unknown}
 B - 3 scrolls of enchant armour {unknown}
 G - a scroll of noise {unknown}
Potions
 h - 3 potions of curing
 o - 2 potions of flight {unknown}
 p - a potion of mutation {unknown}
 v - a potion of cancellation {unknown}
 z - a potion of lignification {unknown}
 C - a potion of brilliance
 E - a potion of attraction {unknown}
 F - a potion of heal wounds


   Skills:
 + Level 5.6 Fighting
 + Level 5.6 Axes
 + Level 5.2 Throwing
 + Level 4.6 Armour
 + Level 5.4 Dodging
 + Level 4.4 Shields


You had 8 spell levels left.
You didn't know any spells.
Your spell library contained the following spells:

 Spells                   Type           Power      Damage    Failure   Level
 Animate Skeleton         Necr           0%         N/A       99%         1
 Apportation              Tloc           0%         N/A       99%         1
 Summon Small Mammal      Summ           0%         N/A       99%         1


Dungeon Overview and Level Annotations

Branches:
Dungeon (7/15)             Temple (0/1) D:6

Altars:
Cheibriados
Elyvilon
Fedhas
Kikubaaqudgha
Nemelex Xobeh

Annotations:
D:6 3 runed translucent doors, swinepaste's ghost, novice DEFE
D:7 Harold


Innate Abilities, Weirdness & Mutations

You are partially covered in icy blue scales. (AC +2)
A powerful demonic guardian rushes to your aid.
You regenerate magic rapidly.
You have a small tail.


Message History

The shadow is moderately damaged.
The shadow hits you.
You hit the shadow but do no damage.
The shadow is moderately damaged.
The shadow hits you. x2
You barely miss the shadow.
The shadow is moderately damaged.
The shadow barely misses you.
You hit the shadow but do no damage.
The shadow is moderately damaged.
You block the shadow's attack.
You barely miss the shadow.
You tail-slap the shadow, but do no damage.
The shadow is moderately damaged.
The shadow slips into darkness.
The shadow flickers and vanishes!
Deactivating autopickup; reactivate with Ctrl-A.
The shadow strikes at you from the darkness!
You hit something but do no damage.
The shadow strikes at you from the darkness!
You miss something.
The shadow strikes at you from the darkness!
* * * LOW HITPOINT WARNING * * *
Reactivating autopickup.
You barely miss the shadow.
Your tail-slap misses the shadow.
The shadow is moderately damaged.
The shadow barely misses you. You block the shadow's attack.
You hit the shadow but do no damage. You tail-slap the shadow.
The shadow is moderately damaged.
You block the shadow's attack.
The shadow slips into darkness.
The shadow flickers and vanishes!
Deactivating autopickup; reactivate with Ctrl-A.
Things that are here:
a +5 falchion of freezing; a +0 robe The shadow strikes at you from the darkness!
The shadow strikes at you from the darkness!
The shadow strikes at you from the darkness!
The shadow strikes at you from the darkness!
You die...

##########.....# #
#.......##(....##.#
#.......###.....(.#
#.......#..(....###
#.......#........#
#.......#..#.##..#
#......z.....##..#
#......>#..#..#.(#
##.####.#.@..[...#
#...z).##†......#
##########.......# #######
...........#.....####......
#########..#..........#####
#................#.# #
#.####............^# # #.#
##...÷......#.# # #.#
#.......####.#####


You could see a wight.

Vanquished Creatures
  Sigmund (D:2)
  Eustachio (D:6)
  A steam dragon (D:6)
  A water moccasin (D:5)
  Duvessa (D:3)
  A sky beast (D:7)
  2 black bears (D:5)
  A necrophage (D:6)
  An ogre (D:3)
  A centaur (D:4)
  2 phantoms
  3 lemures (D:7)
  A scorpion (D:5)
  Dowan (D:3)
  A wight (D:7)
  A bullfrog zombie (D:6)
  5 hounds
  An orc priest (D:5)
  A bullfrog skeleton (D:7)
  Jessica (D:1)
  4 iguanas
  Natasha (thrice) (D:2 D:1)
  2 orc wizards
  A killer bee zombie (D:7)
  6 adders
  A gnoll (D:5)
  A shadow imp (D:7)
  An ufetubus (D:4)
  A worm (D:2)
  3 dart slugs
  17 orcs
  11 bats
  5 endoplasms
  6 giant cockroaches
  3 goblins
  9 hobgoblins
  3 jackals
  8 quokkas
  8 ball pythons
  A frilled lizard (D:1)
  7 kobolds
  7 rats
  A butterfly (D:6)
137 creatures vanquished.

Vanquished Creatures (collateral kills)
  Edmund (D:4)
  2 water moccasins
  An orc warrior (D:6)
  An ogre (D:6)
  A phantom (D:4)
  An orc wizard (D:6)
  A worm (D:4)
  An endoplasm (D:4)
  A jackal (D:2)
10 creatures vanquished.

Grand Total: 147 creatures vanquished

Notes
Turn   | Place    | Note
-------+----------+-------------------------------------------
     0 | D:1      | flotson the Demonspawn Gladiator began the quest for the
                  | Orb.
     0 | D:1      | Reached XP level 1. HP: 16/16 MP: 1/1
   221 | D:1      | Found a faded altar of an unknown god.
   408 | D:1      | Gained mutation: You are partially covered in icy blue
                  | scales. (AC +2) [demonic ancestry]
   408 | D:1      | Reached XP level 2. HP: 22/22 MP: 2/2
   650 | D:1      | Gained mutation: A weak demonic guardian rushes to your
                  | aid. [demonic ancestry]
   650 | D:1      | Reached XP level 3. HP: 22/28 MP: 3/3
  1300 | D:2      | Reached skill level 1 in Armour
  1483 | D:2      | Identified the amulet of Rivion Dieps {RegenMP rN++ Str+4
                  | Dex+5}
  1633 | D:2      | Noticed Natasha
  1641 | D:2      | Gained mutation: A demonic guardian rushes to your aid.
                  | [demonic ancestry]
  1641 | D:2      | Reached XP level 4. HP: 22/34 MP: 4/4
  1641 | D:2      | Killed Natasha
  1744 | D:2      | Noticed Sigmund
  1768 | D:2      | Noticed Natasha
  1795 | D:1      | Killed Natasha
  2317 | D:1      | Found a faded altar of an unknown god.
  2638 | D:1      | Noticed Natasha
  2646 | D:1      | Killed Natasha
  2647 | D:1      | Reached XP level 5. HP: 18/40 MP: 5/5
  3113 | D:1      | Found a faded altar of an unknown god.
  3596 | D:2      | Noticed Jessica
  3608 | D:1      | Killed Jessica
  3609 | D:1      | Reached skill level 1 in Shields
  3723 | D:2      | Killed Sigmund
  3724 | D:2      | Gained mutation: A powerful demonic guardian rushes to your
                  | aid. [demonic ancestry]
  3724 | D:2      | Reached XP level 6. HP: 31/47 MP: 6/6
  4726 | D:4      | Noticed Duvessa
  4828 | D:4      | Noticed Dowan
  4964 | D:3      | Killed Duvessa
  4965 | D:3      | Gained mutation: You regenerate magic rapidly. [demonic
                  | ancestry]
  4965 | D:3      | Reached XP level 7. HP: 38/52 MP: 7/7
  4975 | D:3      | Killed Dowan
  5163 | D:4      | Noticed Edmund
  5298 | D:4      | Killed Edmund
  5578 | D:4      | Found a blossoming altar of Fedhas.
  6181 | D:4      | Found a sparkling altar of Nemelex Xobeh.
  6181 | D:4      | Found an ancient bone altar of Kikubaaqudgha.
  6317 | D:5      | Entered Level 5 of the Dungeon
  6501 | D:5      | Reached XP level 8. HP: 49/60 MP: 8/8
  6928 | D:5      | Found a snail-covered altar of Cheibriados.
  7677 | D:5      | Reached skill level 5 in Axes
  8078 | D:6      | Reached skill level 5 in Fighting
  8358 | D:6      | Reached skill level 5 in Dodging
  8824 | D:6      | Found a staircase to the Ecumenical Temple.
  8838 | D:6      | Gained mutation: You have a small tail. [demonic ancestry]
  8838 | D:6      | Reached XP level 9. HP: 23/68 MP: 9/9
  9078 | D:6      | Found a runed translucent gate.
  9078 | D:6      | Found a runed translucent gate.
  9078 | D:6      | Found a runed translucent gate.
  9079 | D:6      | Noticed swinepaste's ghost (novice DEFE)
  9289 | D:6      | Noticed Eustachio
  9298 | D:6      | Killed Eustachio
  9299 | D:6      | Reached skill level 5 in Throwing
  9634 | D:7      | Noticed Harold
 10689 | D:7      | Mangled by a shadow

Illustrated notes

Levels and vault maps discovered:
D:1:      lightli_arrival_farm, layout_basic, ebering_ecumenical_altar_rust,
          minmay_tromino_i4
D:2:      layout_rooms, uniq_sigmund, uniq_jessica, uniq_natasha
D:3:      layout_loops_cross
D:4:      layout_gridville, lemuel_round_altar,
          gammafunk_temple_overflow_statue, uniq_edmund, uniq_duvessa
D:5:      layout_cave_pods, elyvilon_altar_1, kennysheep_slug_shrine,
          cheibrodos_gnoll_hut
D:6:      layout_loops_corners, minmay_temple_entry_butterflies,
          gammafunk_ghost_split, uniq_eustachio
D:7:      layout_loops_cross, uniq_harold, uniq_pikel, uniq_prince_ribbit1

Skill      XL: |  1  2  3  4  5  6  7  8  9 |
---------------+----------------------------+-----
Throwing       | 2 3 4 5 |  5.2
Axes           | 3 4 5 |  5.6
Dodging        | 3 4 5 |  5.4
Armour         | 1 2 3 4 |  4.6
Shields        | 1 2 3 4 |  4.4
Fighting       | 3 4 5 |  5.6

Action                   |  1- 3 |  4- 6 |  7- 9 || total
-------------------------+-------+-------+-------++-------
Melee: War axe           |   123 |    49 |       ||   172
       Dagger            |       |    63 |   513 ||   576
       Tailslap          |       |       |    26 ||    26
 Fire: Hunting sling     |       |     5 |    14 ||    19
Throw: Throwing net      |       |       |     2 ||     2
  Use: Potion            |       |       |     1 ||     1
 Stab: Held in net/web   |       |       |     1 ||     1
Armor: Leather armour    |    31 |       |       ||    31
       Scale mail        |    46 |    50 |   182 ||   278
       Steam dragon scal |       |       |    22 ||    22
Dodge: Dodged            |   105 |    56 |   238 ||   399
Block: Buckler           |     2 |    20 |   115 ||   137
       Tower shield      |       |       |    91 ||    91
       Kite shield       |       |       |     9 ||     9

Table legend: (Time is in decaauts)
 A = Elapsed time spent in this place.
 B = Non-inter-level travel time spent in this place.
 C = Inter-level travel time spent in this place.
 D = Time resting spent in this place.
 E = Time spent auto-exploring this place.
 F = Levels seen in this place.
 G = Mean time per level.
                   A        B        C        D        E       F      G
               +--------+--------+--------+--------+--------+-----+--------+
         Total |  10931 |  10604 |    327 |    872 |   8021 |   7 | 1561.6 |
       Dungeon |  10931 |  10604 |    327 |    872 |   8021 |   7 | 1561.6 |
               +--------+--------+--------+--------+--------+-----+--------+

Top non-repeatable levels by time:
     D:1: 3026 daAuts
     D:6: 2305 daAuts
     D:4: 1464 daAuts
     D:5: 1413 daAuts
     D:3: 1159 daAuts
     D:2: 1141 daAuts
     D:7: 422 daAuts
